 Dungeon Crawl Stone Soup version 0.23.1-37-gaa34b87 (webtiles) character file.

Game seed: 309394859056677482

107 kae the Charmwright (level 4, -3/34 HPs)
             Began as a Demonspawn Skald on Mar 21, 2019.
             Slain by a hobgoblin
             ... wielding a +0 club
             ... led by Robin
              (5 damage)
             ... on level 3 of the Dungeon.
             The game lasted 00:03:00 (2435 turns).

kae the Charmwright (Demonspawn Skald)              Turns: 2435, Time: 00:03:01

Health: -3/34      AC:  4    Str: 12      XL:     4   Next: 56%
Magic:  7/7        EV: 11    Int: 14 (15) God:
Gold:   145        SH:  3    Dex: 10 (12) Spells: 2/7 levels left

rFire    + . .     SeeInvis .   a - +1 mace
rCold    + . .     Gourm    .   m - +0 buckler
rNeg     . . .     Faith    .   b - +1 leather armour
rPois    .         Spirit   .   (no helmet)
rElec    .         Reflect  .   f - scarf {rC+ rF+}
rCorr    .         Harm     .   (no gloves)
MR       .....                  (no boots)
Stlth    +.........             (no amulet)
HPRegen  0.11/turn              (no ring)
MPRegen  0.10/turn              (no ring)

@: singing
A: claws 2
a: no special abilities


You were on level 3 of the Dungeon.
You were hungry.

You visited 1 branch of the dungeon, and saw 3 of its levels.

You collected 145 gold pieces.

Inventory:

Hand Weapons
 a - a +1 mace (weapon)
Armour
 b - a +1 leather armour (worn)
 f - a scarf of resistance (worn)
 m - a +0 buckler (worn)
Scrolls
 k - a scroll of enchant armour
 l - a scroll of enchant weapon
Potions
 e - a potion of curing
 g - a potion of ambrosia
 h - a potion of degeneration
Comestibles
 c - 2 chunks of flesh
 d - 9 rations


   Skills:
 + Level 2.9 Fighting
 - Level 2.9 Maces & Flails
 - Level 0.8 Armour
 - Level 1.7 Dodging
 * Level 1.3 Unarmed Combat
 - Level 2.0 Spellcasting
 + Level 3.3 Charms


You had 2 spell levels left.
You knew the following spells:

 Your Spells              Type           Power        Failure   Level  Hunger
a - Infusion              Chrm           ##..         13%         1    ##.....
b - Song of Slaying       Chrm           ##......     19%         2    ###....
c - Shroud of Golubria    Chrm/Tloc      #.........   36%         2    ###....

Your spell library contained the following spells:

 Spells                   Type           Power        Failure   Level  Hunger
 Regeneration             Chrm/Necr      #.........   58%         3    ####...
 Spectral Weapon          Hex/Chrm       #.......     58%         3    ####...


Dungeon Overview and Level Annotations

Branches:
Dungeon (3/15)

Altars:
Gozag

Annotations:
D:3 Grinder


Innate Abilities, Weirdness & Mutations

You have very sharp fingernails.


Message History

You closely miss the hobgoblin. The hobgoblin hits you.
* * * LOW HITPOINT WARNING * * *
The hobgoblin hits you but does no damage.
You sock the hobgoblin!
You kill the hobgoblin!
The hobgoblin closely misses you.
You closely miss the hobgoblin. The hobgoblin hits you with a +0 club.
* * * LOW HITPOINT WARNING * * *
You hit the hobgoblin.
The hobgoblin is moderately wounded.
The hobgoblin barely misses you.
You hit the hobgoblin but do no damage.
The hobgoblin is moderately wounded.
Grinder is no longer unusually agile.
The hobgoblin hits you with a +0 club.
* * * LOW HITPOINT WARNING * * *
Grinder drinks a potion.
Grinder suddenly seems more agile.
You hit the hobgoblin but do no damage.
The hobgoblin is moderately wounded.
The hobgoblin hits you with a +0 club.
You die...

...............#######
(.....................
.........###...####...
...............##.....
#######........##.#...
###........##.#...
#..........## ####
#.#.#......#
#@#...........
#g###......### #g#
######## #5# #S# .s.
... ... .....


You could see Grinder, an adder, a giant cockroach and 2 hobgoblins.

Vanquished Creatures
  Robin (D:3)
  2 adders (D:2)
  An ooze (D:2)
  A worm (D:2)
  2 dart slugs
  2 leopard geckos
  4 giant cockroaches (D:2)
  11 goblins
  9 hobgoblins
  2 jackals (D:3)
  12 kobolds
  5 bats
  2 frilled lizards (D:1)
  8 rats
62 creatures vanquished.

Notes
Turn   | Place    | Note
-------+----------+-------------------------------------------
     0 | D:1      | kae the Demonspawn Skald began the quest for the Orb.
     0 | D:1      | Reached XP level 1. HP: 16/16 MP: 3/3
   438 | D:1      | Gained mutation: You have sharp fingernails. [demonic
                  | ancestry]
   438 | D:1      | Reached XP level 2. HP: 22/22 MP: 3/5
  1036 | D:2      | Reached skill level 3 in Charms
  1063 | D:2      | Found an opulent altar of Gozag.
  1107 | D:2      | Learned a level 2 spell: Song of Slaying
  1110 | D:2      | Learned a level 2 spell: Shroud of Golubria
  1150 | D:2      | Gained mutation: You have very sharp fingernails. [demonic
                  | ancestry]
  1150 | D:2      | Reached XP level 3. HP: 28/28 MP: 3/6
  1800 | D:2      | Reached XP level 4. HP: 33/34 MP: 7/7
  2379 | D:3      | Noticed Robin
  2383 | D:3      | Reached skill level 1 in Unarmed Combat
  2405 | D:3      | Noticed Grinder
  2417 | D:3      | Killed Robin
  2435 | D:3      | Slain by a hobgoblin

Skill      XL: |  1  2  3  4 |
---------------+-------------+-----
Maces & Flails | 2 |  2.9
Charms         | 3 |  3.3
Unarmed Combat | 1 |  1.3
Fighting       | |  2.9
Armour         | |  0.8
Dodging        | |  1.7
Spellcasting   | |  2.0

Action                   |  1- 3 |  4- 6 || total
-------------------------+-------+-------++-------
Melee: Mace              |   112 |    69 ||   181
 Cast: Infusion          |    16 |     4 ||    20
       Song of Slaying   |       |     2 ||     2
  Use: Scroll            |     4 |     2 ||     6
       Potion            |       |     5 ||     5
  Eat: Chunk             |     3 |     2 ||     5
Armor: Leather armour    |    32 |    20 ||    52
Dodge: Dodged            |    73 |    46 ||   119
Block: Buckler           |       |     6 ||     6
